 Dungeon Crawl Stone Soup version 0.19-a0-1823-g21c7ecd (webtiles) character file.

625 Naow the Cleaver (level 7, -6/57 HPs)
             Began as a Minotaur Berserker on Oct 7, 2016.
             Was a Priest of Trog.
             Shot with an arrow by a centaur (13 damage)
             ... on level 5 of the Dungeon.
             The game lasted 00:08:55 (4061 turns).

Naow the Cleaver (Minotaur Berserker)               Turns: 4061, Time: 00:08:56

Health: -6/57      AC:  2    Str: 22    XL:     7   Next: 23%
Magic:  6/6        EV: 12    Int:  6    God:    Trog [***...]
Gold:   223        SH:  0    Dex:  9    Spells: 0 memorised, 6 levels left

rFire  . . .     SeeInvis .     a - +0 hand axe
rCold  . . .     Gourm    .     b - +0 animal skin
rNeg   . . .     Faith    .     (no shield)
rPois  .         Spirit   .     (helmet restricted)
rElec  .         Dismiss  .     (no cloak)
rCorr  .         Reflect  .     (no gloves)
MR     .....     Harm     .     (no boots)
Stlth  +.........               (no amulet)
                                (no ring)
                                (no ring)

@: exhausted, slowed, very slow
A: retaliatory headbutt, horns 2
a: Berserk, Trog's Hand, Burn Spellbooks, Renounce Religion


You were on level 5 of the Dungeon.
You worshipped Trog.
Trog was most pleased with you.
You were near starving.

You visited 1 branch of the dungeon, and saw 6 of its levels.

You collected 223 gold pieces.

Inventory:

Hand Weapons
 a - a +0 hand axe (weapon)
Armour
 b - a +0 animal skin (worn)
 D - a cursed -2 cloak
Jewellery
 j - an uncursed ring of fire {unknown}
 k - an uncursed amulet of regeneration {unknown}
 v - a +6 ring of strength {unknown}
 x - an uncursed amulet of harm {unknown}
 y - a +2 amulet of reflection {unknown}
 z - an uncursed ring of see invisible {unknown}
Wands
 t - a wand of confusion (31/48)
 u - a wand of slowing (24/48)
Scrolls
 d - 3 scrolls of amnesia {unknown}
 e - 3 scrolls of identify {unknown}
 f - 2 scrolls of enchant weapon {unknown}
 i - 2 scrolls of blinking {unknown}
 m - 3 scrolls of teleportation {unknown}
 n - a scroll of fear {unknown}
 p - 2 scrolls of remove curse {unknown}
 r - a scroll of random uselessness {unknown}
 w - 2 scrolls of recharging {unknown}
 A - a scroll of magic mapping {unknown}
 C - a scroll of noise {unknown}
Potions
 g - 4 potions of flight {unknown}
 o - a potion of heal wounds {unknown}
 s - 2 potions of mutation {unknown}
 B - a potion of magic {unknown}
Comestibles
 c - 4 bread rations
 h - 4 meat rations
 l - 2 slices of pizza
 q - 3 fruits


   Skills:
 - Level 3.6 Fighting
 + Level 10.0 Axes
 - Level 2.4 Armour
 - Level 2.1 Dodging


You had 6 spell levels left.
You didn't know any spells.

Dungeon Overview and Level Annotations

Branches:
Dungeon (6/15)             Temple (0/1) D:4

Altars:


Innate Abilities, Weirdness & Mutations

You reflexively headbutt those who attack you in melee.
You have a pair of horns on your head.


Message History

The phantom blinks!
You feel a strong urge to attack something.
You barely miss the phantom. You headbutt the phantom!
You destroy the phantom!
Trog accepts your kill.
Your Axes skill increases to level 10!
You are no longer berserk.
You are exhausted.
You feel yourself slow down.
You are near starving!
You start resting.
A centaur comes into view.
The centaur shouts!
The centaur wields a shortbow.
The centaur shoots an arrow.
The arrow hits you.
The centaur shoots an arrow.
The arrow hits you.
You see here 2 arrows.
The centaur shoots an arrow.
The arrow hits you!
* * * LOW HITPOINT WARNING * * *
The centaur shoots an arrow.
The arrow hits you!
You die...

#.........................
#...<
#.........###...#........
#..#.# #.........#
###.....c.... #.##.#
#.........# #...#.#.......
#.# #.........#
###.......# ..# #.#
#.........# #.........###.
..#
#..........##.........# #
.#.
#......##..#..........##
... #....(@<........
#...>##.......##
##...##.#...#..#
#.........### ..
###........## #
#..........#
..(.......#...#
..............#
.........>....#


You could see a centaur.

Vanquished Creatures
  A sky beast (D:5)
  A phantom (D:5)
  An orc priest (D:5)
  4 hounds
  An iguana (D:5)
  A worker ant (D:3)
  An orc wizard (D:5)
  A hound zombie (D:5)
  Robin (D:3)
  10 adders
  An adder zombie (D:5)
  2 worms
  A dart slug (D:5)
  4 leopard geckos
  7 orcs
  4 giant cockroaches
  13 goblins
  12 hobgoblins
  4 jackals (D:3)
  2 quokkas (D:2)
  A ball python (D:2)
  7 bats
  6 frilled lizards
  7 kobolds
  7 rats
100 creatures vanquished.

Notes
Turn   | Place    | Note
-------+----------+-------------------------------------------
     0 | D:1      | Naow the Minotaur Berserker began the quest for the Orb.
     0 | D:1      | Reached XP level 1. HP: 19/19 MP: 0/0
    49 | D:1      | Reached skill level 4 in Axes
   125 | D:1      | Reached XP level 2. HP: 26/26 MP: 1/1
   417 | D:1      | Reached skill level 5 in Axes
   555 | D:1      | Reached XP level 3. HP: 31/31 MP: 2/2
   775 | D:2      | Reached ** piety under Trog
  1096 | D:2      | Reached XP level 4. HP: 33/39 MP: 3/3
  1144 | D:2      | Reached skill level 6 in Axes
  2011 | D:3      | Reached skill level 7 in Axes
  2011 | D:3      | Reached XP level 5. HP: 29/45 MP: 4/4
  2108 | D:3      | Noticed Robin
  2121 | D:3      | Killed Robin
  2754 | D:4      | Reached *** piety under Trog
  2754 | D:4      | Reached skill level 8 in Axes
  2757 | D:4      | Found a staircase to the Ecumenical Temple.
  3111 | D:4      | You fall through a shaft for 2 floors!
  3173 | D:5      | Entered Level 5 of the Dungeon
  3232 | D:5      | Reached XP level 6. HP: 48/51 MP: 5/5
  3433 | D:5      | Noticed a sky beast
  3442 | D:5      | Killed a sky beast
  3442 | D:5      | Reached skill level 9 in Axes
  3586 | D:5      | Reached XP level 7. HP: 24/57 MP: 6/6
  4058 | D:5      | Reached skill level 10 in Axes
  4061 | D:5      | Shot with an arrow by a centaur

Vault maps used:
D:1:      tarquinn_simple_flora_water_d
D:2:      first_bread, kennysheep_another_room
D:3:      wad_lake_hut, uniq_robin

Skill      XL: |  1  2  3  4  5  6  7 |
---------------+----------------------+-----
Axes           | 4 5 7 8 9 10 | 10.0
Fighting       | |  3.6
Armour         | |  2.4
Dodging        | |  2.1

Action                   |  1- 3 |  4- 6 |  7- 9 || total
-------------------------+-------+-------+-------++-------
Melee: Hand axe          |    79 |   164 |    21 ||   264
       Headbutt          |     5 |    25 |     2 ||    32
Invok: Berserk           |     2 |     2 |     1 ||     5
       Trog's Hand       |       |       |     1 ||     1
  Eat: Chunk             |     2 |    10 |     2 ||    14
Armor: Animal skin       |    16 |    20 |     2 ||    38
Dodge: Dodged            |    59 |    92 |     8 ||   159
